 Dungeon Crawl Stone Soup version 0.28.0-53-g5a82cb258f (webtiles) character file.

Game seed: 5382781343155139611

7740 MiltankisOP the Warrior (level 11, -6/132 HPs)
             Began as an Ogre Monk on June 14, 2022.
             Was a High Priest of Lugonu.
             Mangled by a killer bee (8 damage)
             ... on level 10 of the Dungeon.
             The game lasted 00:24:30 (14588 turns).

MiltankisOP the Warrior (Ogre Monk)                Turns: 14588, Time: 00:24:33

Health: -6/132     AC:  5    Str: 29    XL:     11   Next: 20%
Magic:  0/16       EV: 13    Int: 11    God:    Lugonu [*****.]
Gold:   1271       SH:  0    Dex: 11    Spells: 10/10 levels left

rFire   . . .      SeeInvis .   o - +0 giant club
rCold   . . .      Faith    .   (shield currently unavailable)
rNeg    . . .      Spirit   +   b - +0 robe
rPois   +          Reflect  .   D - +2 hat
rElec   .          Harm     .   (no cloak)
rCorr   +          Rampage  .   (gloves unavailable)
Will    +....                   (boots unavailable)
Stlth   ++........              i - amulet of guardian spirit
HPRegen 0.32/turn               f - +6 ring of strength
MPRegen 0.15/turn               F - ring "Fuihoph" {Wiz rPois rCorr Str+2}

@: no status effects
A: large, unfitting armour, tough skin 1
a: Renounce Religion, Depart the Abyss, Bend Space, Banish, Corrupt, Enter the
Abyss


You were on level 10 of the Dungeon.
You worshipped Lugonu.
Lugonu was extremely pleased with you.
You visited 1 branch of the dungeon, and saw 10 of its levels.
You also visited: Ossuary.

You collected 1271 gold pieces.

Inventory:

Hand Weapons
 a - a +0 mace
 l - a +0 morningstar
 o - a +0 giant club (weapon)
Missiles
 d - a throwing net
 g - 9 boomerangs
 j - 6 boomerangs of dispersal
 H - 6 large rocks (quivered)
Armour
 b - a +0 robe (worn)
 D - a +2 hat (worn)
Jewellery
 f - a +6 ring of strength (left hand)
 i - an amulet of guardian spirit (around neck)
 n - an amulet of magic regeneration
 B - an amulet of the acrobat
 F - the ring "Fuihoph" (right hand) {Wiz rPois rCorr Str+2}
   (You found it on level 5 of the Dungeon)

   [ring of wizardry]

   It improves your spell success rate.
   Str:       It affects your strength (+2).
   rPois:     It protects you from poison.
   rCorr:     It protects you from acid and corrosion.
Wands
 k - a wand of paralysis (3)
 p - a wand of iceblast (8)
 y - a wand of acid (3)
 G - a wand of mindburst (17)
Scrolls
 h - a scroll of teleportation
 m - a scroll of summoning {unknown}
 t - 2 scrolls of immolation
 C - a scroll of vulnerability {unknown}
Potions
 c - a potion of magic {unknown}
 e - 2 potions of cancellation
 q - 3 potions of degeneration
 r - a potion of flight {unknown}
 s - 3 potions of attraction
 u - 4 potions of mutation
 w - a potion of resistance {unknown}
 x - a potion of invisibility {unknown}
 z - 4 potions of brilliance
 A - a potion of curing
 E - 2 potions of haste {unknown}
 I - a potion of lignification {unknown}


   Skills:
 - Level 15.0 Fighting
 - Level 5.0 Maces & Flails
 * Level 9.6 Dodging
 - Level 1.4 Stealth
 - Level 7.0 Invocations


You had 10 spell levels left.
You didn't know any spells.
Your spell library contained the following spells:

 Spells                   Type           Power      Damage    Failure   Level
 Pain                     Necr           0%         1d4       14%         1
 Slow                     Hex            0%         N/A       14%         1
 Sting                    Tmut/Pois      0%         1d3       14%         1
 Summon Small Mammal      Summ           0%         N/A       14%         1
 Static Discharge         Conj/Air       0%         N/A       21%         2
 Stone Arrow              Conj/Erth      0%         3d7       38%         3
 Animate Armour           Summ/Erth      0%         N/A       77%         4
 Dispel Undead            Necr           0%         3d6       77%         4
 Leda's Liquefaction      Hex/Erth       0%         N/A       77%         4
 Agony                    Necr           0%         N/A       98%         5
 Excruciating Wounds      Necr           0%         N/A       98%         5
 Lee's Rapid Deconstruct  Erth           0%         3d5*      98%         5
 Lightning Bolt           Conj/Air       0%         1d11      98%         5
 Statue Form              Tmut/Erth      0%         N/A       100%        6
 Lehudib's Crystal Spear  Conj/Erth      0%         10d2      100%        8
 Maxwell's Capacitive Co  Air            0%         ∞         100%        8


Dungeon Overview and Level Annotations

Branches:
Dungeon (10/15)            Temple (0/1) D:7         Ossuary (visited)
   Lair: D:8-11         Orc: D:9-12

Altars:
Fedhas
Gozag
Makhleb
Nemelex Xobeh
Okawaru
Qazlal
Uskayaw
Vehumet
Zin
Lugonu

Shops:
D:2 [   D:8 *

Annotations:
D:9 Harold


Innate Abilities, Weirdness & Mutations

You are too large for most types of armour.
You have tough skin. (AC +1)


Message History

You barely miss the killer bee.
The killer bee is lightly wounded.
You feel sick. The killer bee barely misses you.
The killer bee stings you but does no damage.
You feel better. The killer bee stings you.
* * * LOW HITPOINT WARNING * * *
The killer bee closely misses you.
Aiming: Corrosive Bolt
Press: ? - help, Q - select action, (/) - cycle Shift-Dir - straight line, f - killer bee
Aim: a killer bee (43% to hit)
The bolt of acid hits the killer bee.
The acid corrodes the killer bee!
The killer bee is moderately wounded.
The bolt of acid hits the killer bee!
The killer bee is severely wounded.
The killer bee stings you.
* * * LOW HITPOINT WARNING * * *
The killer bee stings you!
* * * LOW HITPOINT WARNING * * *
Aiming: Corrosive Bolt
Press: ? - help, Q - select action, (/) - cycle Shift-Dir - straight line, p - killer bee The bolt of acid hits the killer bee!
The killer bee seems to be corroded for longer.
The killer bee is almost dead.
The bolt of acid misses the killer bee.
The killer bee misses you.
The killer bee stings you but does no damage.
Aiming: Corrosive Bolt
Press: ? - help, Q - select action, (/) - cycle Shift-Dir - straight line The bolt of acid misses the killer bee. x2
The killer bee stings you.
* * * LOW HITPOINT WARNING * * *
The killer bee stings you.
* * * LOW HITPOINT WARNING * * *
Aiming: Corrosive Bolt
Press: ? - help, Q - select action, (/) - cycle Shift-Dir - straight line The bolt of acid misses the killer bee.
The bolt of acid hits the killer bee!
You kill the killer bee!
Lugonu accepts your kill. The killer bee stings you!
You die...

#.# #######.##
.........#
#.#######>.#
#..........#
##########.# #
#.###..#
#########......#
.....†y@.......#
###.##########.#
..


You could see a killer bee (corroded).

Vanquished Creatures
  Gastronok (D:8)
  Pikel (D:4)
  2 cyclopes
  Sigmund (D:2)
  2 wraiths (Ossuary)
  Grum (D:8)
  A steam dragon (D:10)
  Menkaure (D:6)
  4 water moccasins
  2 sky beasts (D:6)
  4 ice beasts
  2 orc warriors
  5 necrophages
  An ogre (D:4)
  A phantom (D:7)
  4 wolves (D:8)
  A lemure (D:4)
  4 bullfrogs
  3 scorpions
  3 elf skeletons (D:4)
  A wyvern zombie (D:6)
  A water moccasin skeleton (D:5)
  13 killer bees
  12 wights
  A bullfrog zombie (D:6)
  4 centaur zombies
  4 hounds
  3 jellies
  5 orc priests
  A human skeleton (D:4)
  Jessica (D:2)
  An iguana (D:6)
  3 orc wizards
  A killer bee zombie (D:8)
  A hound skeleton (D:5)
  A howler monkey zombie (D:6)
  7 gnolls
  4 adders
  2 shadow imps (D:6)
  A white imp (D:8)
  An ufetubus (D:7)
  An adder skeleton (D:4)
  4 worms
  2 dart slugs (D:2)
  24 orcs
  4 endoplasms
  5 giant cockroaches
  7 goblins
  5 hobgoblins
  4 jackals (D:1)
  7 kobolds
  6 quokkas
  6 ball pythons
  A ball python skeleton (Ossuary)
  5 bats
  5 frilled lizards
  A hobgoblin skeleton (Ossuary)
  3 hobgoblin zombies (Ossuary)
  2 orc skeletons
  3 orc zombies
  9 rats
216 creatures vanquished.

Vanquished Creatures (others)
  A plant (D:1)
1 creature vanquished.

Grand Total: 217 creatures vanquished

Notes
Turn   | Place    | Note
-------+----------+-------------------------------------------
     0 | D:1      | MiltankisOP the Ogre Monk began the quest for the Orb.
     0 | D:1      | Reached XP level 1. HP: 24/24 MP: 1/1
   413 | D:1      | Reached XP level 2. HP: 26/33 MP: 2/2
   755 | D:1      | Found a faded altar of an unknown god.
   763 | D:1      | Prayed at the altar of an unknown god.
   763 | D:1      | Became a worshipper of Lugonu the Unformed
   763 | D:1      | Reached * piety under Lugonu
   763 | D:1      | Reached ** piety under Lugonu
   763 | D:1      | Reached *** piety under Lugonu
  1165 | D:1      | Reached XP level 3. HP: 39/41 MP: 3/3
  1855 | D:2      | Reached skill level 5 in Fighting
  2196 | D:2      | Found Axey's Armour Emporium.
  2401 | D:2      | Reached XP level 4. HP: 26/50 MP: 4/4
  2733 | D:2      | Reached **** piety under Lugonu
  2850 | D:2      | Noticed Sigmund
  2875 | D:2      | Killed Sigmund
  2876 | D:2      | Reached skill level 6 in Fighting
  2876 | D:2      | Reached XP level 5. HP: 10/61 MP: 2/5
  2876 | D:2      | Reached XP level 6. HP: 11/68 MP: 2/6
  3546 | D:2      | Noticed Jessica
  3553 | D:2      | Killed Jessica
  3769 | D:3      | Reached skill level 7 in Fighting
  4604 | D:4      | Reached skill level 5 in Maces & Flails
  4758 | D:4      | Reached skill level 8 in Fighting
  4758 | D:4      | Reached XP level 7. HP: 65/80 MP: 7/7
  4902 | D:4      | Found a sand-covered staircase.
  4915 | Ossuary  | Entered an ossuary
  5036 | Ossuary  | Reached skill level 9 in Fighting
  5236 | Ossuary  | Noticed a flying skull
  5236 | Ossuary  | Noticed a wraith
  5243 | Ossuary  | Noticed a flying skull
  5275 | Ossuary  | Noticed a flying skull
  5281 | Ossuary  | Noticed a wraith
  5291 | Ossuary  | Killed a wraith
  5508 | Ossuary  | Reached skill level 10 in Fighting
  5567 | Ossuary  | Noticed a flying skull
  5573 | Ossuary  | Noticed a wraith
  5578 | Ossuary  | Killed a wraith
  5579 | Ossuary  | Reached XP level 8. HP: 88/96 MP: 8/8
  5619 | Ossuary  | Reached skill level 11 in Fighting
  5773 | D:4      | Noticed Pikel
  5792 | D:4      | Killed Pikel
  5793 | D:4      | Reached skill level 12 in Fighting
  6185 | D:4      | Reached skill level 13 in Fighting
  6698 | D:4      | Identified the +4 chain mail of Vehumet's Favour {Dex+4}
  6745 | D:4      | Reached XP level 9. HP: 90/110 MP: 7/9
  6956 | D:4      | Reached skill level 14 in Fighting
  7351 | D:5      | Entered Level 5 of the Dungeon
  7480 | D:5      | Got A Beginning Course on Theurgy
  7497 | D:5      | Reached ***** piety under Lugonu
  7909 | D:5      | Identified the ring "Fuihoph" {Wiz rPois rCorr Str+2}
  8150 | D:5      | Identified a scroll of acquirement
  8150 | D:5      | Acquired 960 gold pieces
  8680 | D:6      | Reached skill level 15 in Fighting
  8687 | D:6      | Reached skill level 1 in Invocations
  8938 | D:6      | Got the Volume of Sinister Rites
  9411 | D:6      | Reached skill level 5 in Invocations
  9706 | D:6      | Noticed Menkaure
  9712 | D:6      | Killed Menkaure
  9860 | D:6      | Reached XP level 10. HP: 124/124 MP: 13/15
 10049 | D:7      | Found a staircase to the Ecumenical Temple.
 10922 | D:7      | Reached skill level 5 in Dodging
 11899 | D:8      | Noticed Grum
 11925 | D:8      | Killed Grum
 12354 | D:8      | Noticed a cyclops
 12382 | D:8      | Killed a cyclops
 12610 | D:8      | Found an opulent altar of Gozag.
 12619 | D:8      | Found a radiant altar of Vehumet.
 12620 | D:8      | Found a stormy altar of Qazlal.
 12620 | D:8      | Found a sparkling altar of Nemelex Xobeh.
 12620 | D:8      | Found a blossoming altar of Fedhas.
 12620 | D:8      | Found an iron altar of Okawaru.
 12621 | D:8      | Found a hide-covered altar of Uskayaw.
 12623 | D:8      | Found a glowing silver altar of Zin.
 12625 | D:8      | Found a burning altar of Makhleb.
 12783 | D:8      | Found Tima's Assorted Antiques.
 12851 | D:8      | Noticed Gastronok
 12869 | D:8      | Killed Gastronok
 12870 | D:8      | Reached XP level 11. HP: 56/132 MP: 6/16
 13715 | D:9      | Noticed Harold
 13739 | D:9      | HP: 6/132 [bullfrog (5)]
 13748 | D:10     | Entered Level 10 of the Dungeon
 14182 | D:10     | Noticed a cyclops
 14195 | D:10     | Killed a cyclops
 14587 | D:10     | HP: 5/132 [killer bee (3)]
 14587 | D:10     | HP: 2/132 [killer bee (3)]
 14588 | D:10     | Mangled by a killer bee

Illustrated notes

Levels and vault maps discovered:
D:1:      minmay_arrival_widening_spiral_narrow, layout_basic, serial_forest,
          infiniplex_forest_lined_room_3, infiniplex_forest_straight_2,
          infiniplex_forest_clump_long, infiniplex_forest_end_3,
          infiniplex_forest_lined_2, infiniplex_forest_side_room,
          infiniplex_forest_clump_C, ebering_ecumenical_altar_sacrificial
D:2:      cheibrodos_old_hovel, layout_basic, serial_shops,
          nicolae_shop_waterfront, uniq_sigmund, uniq_jessica
D:3:      minmay_general_purpose_star, layout_loops_ring,
          kennysheep_generic_room_3
D:4:      layout_loops_cross, nicolae_ossuary_entry_catacombs,
          grunt_ministairs_8, uniq_pikel
D:5:      layout_basic
D:6:      layout_loops_corners, uniq_menkaure
D:7:      layout_loops_corners, minmay_temple_entry_arrows
D:8:      layout_rooms, minitemple, serial_aquarium, aquarium_bridge_straight
          [aquarium_subvault_bridge, aquarium_subvault_wall,
          aquarium_subvault_bridge, aquarium_subvault_window],
          aquarium_window_corridor_3, aquarium_window_corner,
          aquarium_window_fake, aquarium_view_2d, aquarium_view_2f,
          aquarium_balcony_3b, nicolae_stop_n_shop_2, uniq_gastronok, uniq_grum
D:9:      layout_basic, serial_shops, shop, uniq_joseph, uniq_erica, uniq_harold
D:10:     layout_loops_ring, erik_lair_dragon, orc_0_dummy

Skill      XL: |  1  2  3  4  5  6  7  8  9 10 11 |
---------------+----------------------------------+-----
Maces & Flails | 3 4 5 |  5.0
Fighting       | 5 6 8 10 13 15 | 15.0
Invocations    | 6 7 |  7.0
Dodging        | 8 9 |  9.6
Stealth        | |  1.4

Action                   |  1- 3 |  4- 6 |  7- 9 | 10-12 || total
-------------------------+-------+-------+-------+-------++-------
Melee: Mace              |   144 |    74 |       |       ||   218
       Punch             |     3 |     2 |     4 |       ||     9
       Morningstar       |       |    79 |   130 |       ||   209
       Giant club        |       |       |   113 |   254 ||   367
Throw: Large rock        |       |       |       |     2 ||     2
Evoke: Wand              |       |       |     3 |    10 ||    13
  Use: Scroll            |       |       |    13 |     7 ||    20
       Potion            |       |       |       |     8 ||     8
 Stab: Sleeping          |     3 |     3 |     7 |     2 ||    15
       Distracted        |       |     1 |       |       ||     1
Armor: Robe              |    54 |    38 |    71 |    80 ||   243
Dodge: Dodged            |    80 |    81 |    85 |   224 ||   470
